 Dungeon Crawl Stone Soup version 0.17-a0-1837-g7c6a762 (webtiles) character file.

28 Blightor the Skirmisher (level 3, -1/29 HPs)
             Began as a Demonspawn Abyssal Knight on Sept 16, 2015.
             Was a Follower of Lugonu.
             Slain by a kobold
             ... wielding a +0 short sword
              (4 damage)
             ... on level 2 of the Dungeon.
             The game lasted 00:03:31 (1065 turns).

Blightor the Skirmisher (Demonspawn Abyssal Knight) Turns: 1065, Time: 00:03:31

Health: -1/29      AC:  7    Str: 13    XL:     3   Next: 0%
Magic:  5/5        EV: 10    Int: 13    God:    Lugonu [*.....]
Gold:   26         SH:  0    Dex: 12    Spells: 0 memorised, 2 levels left

rFire  + . .     SeeInvis .     a - +1 falchion
rCold  . . .     Clarity  .     j - +0 ring mail
rNeg   . . .     SustAt   .     (no shield)
rPois  .         Gourm    .     (no helmet)
rElec  .         Spirit   .     (no cloak)
rCorr  .         Warding  .     (no gloves)
rMut   .         Stasis   .     (no boots)
MR     .....                    (no amulet)
Stlth  +.........               (no ring)
                                e - ring of protection from fire

@: lethally poisoned (-1 -> -5), not resistant to hostile enchantments, very
unstealthy
A: thin metallic scales 1
a: Depart the Abyss, Renounce Religion


You were on level 2 of the Dungeon.
You worshipped Lugonu.
Lugonu was aware of your devotion.
You were full.

You visited 1 branch of the dungeon, and saw 2 of its levels.
You visited the Abyss 1 time.

You collected 26 gold pieces.

Inventory:

Hand weapons
 a - a +1 falchion (weapon)
 n - a -1 dagger
Armour
 b - a +0 leather armour
 j - a +0 ring mail (worn)
Jewellery
 e - a ring of protection from fire (left hand)
 l - a cursed ring of loudness {unknown}
Scrolls
 g - 2 scrolls of identify {unknown}
 m - a scroll of fog {unknown}
Potions
 d - 2 potions of might {unknown}
 f - a potion of heal wounds {unknown}
 h - a potion of agility {unknown}
 i - 2 potions of degeneration {unknown}
 k - a potion of cancellation {unknown}
Comestibles
 c - 2 bread rations


   Skills:
 + Level 3.6 Fighting
 + Level 2.0 Long Blades
 + Level 2.2 Armour
 - Level 0.8 Dodging
 - Level 2.7 Invocations


You had 2 spell levels left.
You didn't know any spells.

Dungeon Overview and Level Annotations

Branches:
Dungeon (2/15)

Altars:


Innate Abilities, Weirdness & Mutations

You are partially covered in thin metallic scales (AC +2).


Message History

You miss the adder.
The adder is almost dead.
* * * LOW HITPOINT WARNING * * *
You feel sick. The adder barely misses you.
The adder bites you but does no damage.
You slash the adder!
You kill the adder!
Lugonu accepts your kill.
Your Long Blades skill increases to level 2!
You have reached level 3!
Your experience leads to an increase in your attributes!
Increase (S)trength, (I)ntelligence, or (D)exterity?
You feel stronger.
You feel sick. The kobold hits you with a short sword.
* * * LOW HITPOINT WARNING * * *
You barely miss the kobold. The kobold closely misses you.
Your ring mail prevents you from hitting the kobold.
* * * LOW HITPOINT WARNING * * *
You feel sick. The kobold hits you with a short sword.
You die...

. ...## ####
......##### #...
.....rK@.># #.##
......###.# #.#
.#### #.####
#)## #....# #...
####.##########.
#.#..........
#.#.#########
#.#.# #.#.#


You could see a kobold and a rat.

Vanquished Creatures
  An adder (D:2)
  3 bats
  2 goblins
  4 hobgoblins (D:1)
  2 jackals (D:1)
  A giant cockroach (D:1)
  A giant newt (D:1)
  2 kobolds
  3 rats (D:1)
19 creatures vanquished.

Notes
Turn   | Place    | Note
--------------------------------------------------------------
     0 | Abyss:1  | Blightor the Demonspawn Abyssal Knight began the quest for the Orb.
     0 | Abyss:1  | Reached XP level 1. HP: 18/18 MP: 2/2
    67 | Abyss:1  | Noticed an ancient zyme
    67 | D:1      | Escaped the Abyss
    98 | D:1      | Acquired Lugonu's first power
   406 | D:1      | Gained mutation: You are partially covered in thin metallic scales (AC +2). [demonic ancestry]
   406 | D:1      | Reached XP level 2. HP: 21/24 MP: 4/4
  1063 | D:2      | Reached XP level 3. HP: 8/29 MP: 5/5
  1065 | D:2      | Slain by a kobold

Vault maps used:
D:1:      dpeg_arrival_rhombus, supply_closet_lemuel, corner_web_ring
D:2:      minmay_goblin_outpost
Abyss:1:  evilmike_abyss_exit_13

Action                   || total
-------------------------++-------
Melee: Falchion          ||    67
Invok: Depart the Abyss  ||     1
  Use: Scroll            ||     1
  Eat: Meat ration       ||     1
